 Dungeon Crawl Stone Soup version 0.32-a0-350-g4f4d228785 (webtiles) character file.

Game seed: 4734072524157354334

3161 osuadh the Cleaver (level 9, -1/70 HPs)
             Began as a Mountain Dwarf Fighter on Feb 18, 2024.
             Was an Elder of Ru.
             Slain by a killer bee (8 damage)
             ... on level 9 of the Dungeon.
             The game lasted 00:22:15 (7370 turns).

osuadh the Cleaver (Mountain Dwarf Fighter)         Turns: 7370, Time: 00:22:16

Health: -1/70      AC: 12    Str: 20    XL:     9   Next: 62%
Magic:  9/9        EV:  5    Int: 12    God:    Ru [****..]
Gold:   249        SH:  6    Dex:  9    Spells: 8/8 levels left

rFire   . . .        a - +0 war axe
rCold   + . .        L - +2 buckler
rNeg    . . .        O - +0 plate armour
rPois   .            D - +0 helmet
rElec   .            (no cloak)
rCorr   .            (no gloves)
SInv    .            (no boots)
Will    .....        f - amulet of magic regeneration Stlth
                     i - +4 ring of slaying
HPRegen 0.31/turn    K - ring of protection from cold
MPRegen 0.51/turn

%: no passive effects
@: lethally poisoned (-1 -> -9), hasted, very quick
A: hated by all, weak-willed 1, unskilled 1, runic magic, artefact enchanting
a: Renounce Religion, Draw Out Power, Power Leap


You were on level 9 of the Dungeon.
You worshipped Ru.
Ru was greatly pleased with you.
You visited 1 branch of the dungeon, and saw 9 of its levels.

You collected 512 gold pieces.
You spent 263 gold pieces at shops.

Inventory:

Hand Weapons
 a - a +0 war axe (weapon)
 b - the +1 sling of the Nice God {drain, rPois rCorr Int+2}
   (You found it on level 6 of the Dungeon)

   Int+2:     It affects your intelligence (+2).
   rPois:     It protects you from poison rCorr: It protects you from acid and
   corrosion.
 d - a +0 heavy hand axe
 B - a +3 battleaxe
Armour
 D - a +0 helmet (worn)
 J - a +0 scale mail
 L - a +2 buckler (worn)
 O - a +0 plate armour (worn)
Jewellery
 f - an amulet of magic regeneration (around neck)
 i - a +4 ring of slaying (left hand)
 I - an amulet of faith
 K - a ring of protection from cold (right hand)
Wands
 c - a wand of flame (12)
 m - a wand of roots (5)
 A - a wand of polymorph (13)
 C - a wand of digging (5)
 H - a wand of paralysis (7)
 M - a wand of mindburst (13)
Scrolls
 j - 3 scrolls of vulnerability
 l - a scroll of noise
 p - 3 scrolls of blinking {unknown}
 q - 3 scrolls of fog {unknown}
 r - 3 scrolls of revelation {unknown}
 t - a scroll of immolation {unknown}
 u - 3 scrolls of amnesia {unknown}
 v - a scroll of summoning {unknown}
 w - 4 scrolls of teleportation {unknown}
 x - 2 scrolls of enchant weapon {unknown}
 y - a scroll of enchant armour {unknown}
Potions
 e - a potion of heal wounds
 g - 2 potions of curing
 h - a potion of brilliance {unknown}
 k - a potion of haste
 n - 3 potions of mutation
 o - a potion of resistance {unknown}
 s - a potion of ambrosia {unknown}
 z - a potion of lignification {unknown}
 E - 2 potions of berserk rage {unknown}
 F - a potion of attraction {unknown}
 G - 2 potions of enlightenment
 N - a potion of magic {unknown}


   Skills:
 + Level 3.3 Fighting
 - Level 14.5 Axes
 + Level 3.3 Armour
 - Level 3.0 Shields


You had 8 spell levels left.
You didn't know any spells.
Your spell library contained the following spells:

 Spells                   Type           Power      Damage    Failure   Level
 Freeze                   Ice            0%         1d3       67%         1
 Dazzling Flash           Conj/Hex       0%         N/A       96%         3
 Frozen Ramparts          Ice            0%         1d1       96%         3
 Hailstorm                Conj/Ice       0%         3d5       96%         3
 Ozocubu's Armour         Ice            0%         N/A       96%         3
 Volatile Blastmotes      Fire/Tloc      0%         2d10      96%         3
 Alistair's Intoxication  Alch           0%         N/A       100%        5
 Borgnjor's Vile Clutch   Necr/Erth      0%         N/A       100%        5
 Metabolic Englaciation   Hex/Ice        0%         N/A       100%        5
 Eringya's Noxious Bog    Alch           0%         4d6       100%        6
 Starburst                Conj/Fire      0%         6d3       100%        6
 Maxwell's Capacitive Co  Air            0%         ∞         100%        8
 Sculpt Simulacrum        Ice/Alch       Unusable   N/A       N/A         6

Dungeon Overview and Level Annotations

Branches:
Dungeon (9/15)             Temple (0/1) D:7
   Lair: D:8-11         Orc: D:9-12

Altars:
Ru
Uskayaw

Shops:
D:1 ***(   D:4 ***   D:6 (

Annotations:
D:4 2 transporters, Bobbunny's ghost, amateur MiHs
D:8 exclusions: 4 electric eels and 1 more exclusion


Innate Abilities, Weirdness & Mutations

You are hated by all.
You are slightly weak-willed. (Will-)
You are somewhat unskilled. (-1 Apt)
Your spellcasting is much less encumbered by armour.
You can use scrolls of enchantment on lesser artefacts.


Message History

You block the killer bee's attack.
You hit the killer bee.
You kill the killer bee!
You closely miss the killer bee.
You feel sick.
You redirect the killer bee's attack!
The killer bee stings the killer bee.
You strike the helpless killer bee from behind!
You slash the killer bee!
You kill the killer bee!
You feel sick.
You slash the killer bee!
The killer bee is heavily wounded.
You hit the killer bee but do no damage.
The killer bee is lightly wounded.
You miss the killer bee.
You feel sick. You block the killer bee's attack.
The killer bee stings you but does no damage.
You barely miss the killer bee.
The killer bee is lightly wounded.
You closely miss the killer bee. The killer bee stings you.
* * * LOW HITPOINT WARNING * * *
The killer bee stings you but does no damage.
You barely miss the killer bee.
The killer bee is lightly wounded.
You barely miss the killer bee.
You feel sick. The killer bee barely misses you. The killer bee stings you.
* * * LOW HITPOINT WARNING * * *
You completely miss the killer bee.
The killer bee is moderately wounded.
You slash the killer bee! The killer bee stings you!
* * * LOW HITPOINT WARNING * * *
You block the killer bee's attack. x2
Okay, then.
Okay, then.
You feel better. The killer bee stings you.
* * * LOW HITPOINT WARNING * * *
You are lethally poisoned!
The killer bee poisons you! You block the killer bee's attack.
The killer bee stings you!
You die...
Ru respects your ultimate sacrifice.

#####.####
#.<.#....#
#...#....#
#...#....#
#...#....# .
#.y@#....#
....###y#....#
.............#
.#####.......#
#####...# ...#
..# ..# .#


You could see 2 killer bees.

Vanquished Creatures
  Eustachio (D:6)
  3 water moccasins
  A black bear (D:5)
  2 orc warriors (D:8)
  A sky beast (D:7)
  2 ogres
  A centaur (D:6)
  3 kobold brigands
  A gnoll sergeant (D:8)
  4 bullfrogs
  3 scorpions
  4 wights (D:8)
  3 killer bees (D:9)
  A howler monkey (D:8)
  3 bombardier beetles
  2 hounds
  A jelly (D:7)
  2 orc priests
  2 sleepcaps (D:5)
  2 iguanas
  7 orc wizards
  11 gnolls
  6 adders
  2 ribbon worms
  2 dart slugs
  26 orcs
  4 ball pythons
  9 bats
  6 endoplasms
  6 giant cockroaches
  7 goblins
  10 hobgoblins
  4 jackals (D:5)
  5 frilled lizards
  17 kobolds
  10 rats
174 creatures vanquished.

Vanquished Creatures (others)
  A wight (D:8)
  An iguana (D:6)
  A kobold (D:8)
  A frilled lizard (D:2)
4 creatures vanquished.

Grand Total: 178 creatures vanquished

Notes
Turn   | Place    | Note
-------+----------+-------------------------------------------
     0 | D:1      | osuadh the Mountain Dwarf Fighter began the quest for the
                  | Orb.
     0 | D:1      | Reached XP level 1. HP: 19/19 MP: 1/1
     7 | D:1      | Found a faded altar of an unknown god.
    37 | D:1      | Prayed at the altar of an unknown god.
    37 | D:1      | Became a worshipper of Ru the Awakened
    40 | D:1      | Gained mutation: You are somewhat unskilled. (-1 Apt) [Ru
                  | sacrifice]
    40 | D:1      | Reached * piety under Ru
   125 | D:1      | Reached skill level 3 in Axes
   131 | D:1      | Reached XP level 2. HP: 25/26 MP: 2/2
   173 | D:1      | Found Feiwnath's General Store.
   282 | D:1      | Bought a scroll of identify for 26 gold pieces
   294 | D:1      | Found Omeuri's Assorted Antiques.
   420 | D:1      | Reached XP level 3. HP: 29/31 MP: 3/3
   423 | D:1      | Reached skill level 4 in Axes
   456 | D:1      | Found Medeas's Antique Weapon Boutique.
   681 | D:1      | Found Itadix's Assorted Antiques.
   990 | D:2      | Reached XP level 4. HP: 38/38 MP: 4/4
  1041 | D:2      | Reached skill level 5 in Axes
  1324 | D:2      | Found a hide-covered altar of Uskayaw.
  1678 | D:3      | You fall into a shaft and drop 3 floors!
  1684 | D:6      | Noticed a centaur
  1692 | D:6      | Noticed a bullfrog
  1700 | D:6      | Killed a bullfrog
  1701 | D:6      | Reached skill level 6 in Axes
  1701 | D:6      | Reached XP level 5. HP: 30/45 MP: 5/5
  1708 | D:6      | Noticed an ogre
  1715 | D:6      | Killed an ogre
  1716 | D:6      | Reached skill level 7 in Axes
  1716 | D:6      | Reached XP level 6. HP: 29/51 MP: 6/6
  1725 | D:5      | Entered Level 5 of the Dungeon
  1733 | D:5      | Gained mutation: You are slightly weak-willed. (Will-) [Ru
                  | sacrifice]
  1733 | D:5      | Reached ** piety under Ru
  1733 | D:5      | Reached *** piety under Ru
  1748 | D:5      | Found a basalt altar of Yredelemnul.
  2069 | D:5      | Reached skill level 8 in Axes
  2516 | D:3      | Reached XP level 7. HP: 57/57 MP: 7/7
  3013 | D:3      | Found a sacrificial altar of Ru.
  3163 | D:4      | Noticed Bobbunny's ghost (amateur MiHs)
  3164 | D:4      | Found a transporter.
  3176 | D:4      | Found a transporter.
  3196 | D:4      | Reached skill level 9 in Axes
  3352 | D:1      | Bought a scroll labelled CAFRIF LETEMOA for 24 gold pieces
  3352 | D:1      | Bought a scroll labelled DIRRURGHAGUA for 24 gold pieces
  3352 | D:1      | Bought a scroll labelled NOALUWK CARA for 24 gold pieces
  3352 | D:1      | Bought a scroll labelled UCECIUHOCU for 24 gold pieces
  3388 | D:1      | Bought a scroll labelled CAFRIF LETEMOA for 30 gold pieces
  3388 | D:1      | Bought a scroll labelled INWO XABONLITH for 30 gold pieces
  3388 | D:1      | Bought a lumpy purple potion for 27 gold pieces
  3388 | D:1      | Bought a scroll labelled RIUMEGG JIMAN for 30 gold pieces
  3432 | D:4      | Found Maivapn's General Store.
  3447 | D:4      | Found Inuicuil's Specific Store.
  3504 | D:4      | Found Gunnim's Fire Supplies.
  4001 | D:5      | Reached skill level 10 in Axes
  4066 | D:5      | Reached XP level 8. HP: 56/63 MP: 8/8
  4214 | D:4      | Bought a scroll of identify for 24 gold pieces
  4670 | D:6      | Gained mutation: You are hated by all. [Ru sacrifice]
  4670 | D:6      | Reached **** piety under Ru
  4722 | D:6      | Noticed Eustachio
  4747 | D:6      | Killed Eustachio
  4748 | D:6      | Reached skill level 11 in Axes
  4753 | D:6      | Identified the +1 sling of the Nice God {drain, rPois rCorr
                  | Int+2}
  4994 | D:6      | Found Vorunisk's Weapon Emporium.
  5178 | D:7      | Reached skill level 12 in Axes
  5718 | D:7      | Found a staircase to the Ecumenical Temple.
  5780 | D:8      | Reached skill level 13 in Axes
  5780 | D:8      | Reached XP level 9. HP: 65/69 MP: 9/9
  6151 | D:8      | Reached skill level 14 in Axes
  7370 | D:9      | Slain by a killer bee

Illustrated notes

Levels and vault maps discovered:
D:1:      lightli_molten_gateway, layout_loops_cross, serial_shops, shop,
          nicolae_shop_behind_doors, shop, nicolae_shop_window_shopping,
          ebering_ecumenical_altar_sacrificial
D:2:      layout_basic, basic_altar
D:3:      layout_basic, nicolae_ru_the_path_less_chosen
D:4:      layout_rooms, gammafunk_ghost_arena, grunt_decor_resistance,
          minivault_26, nicolae_specific_store, nicolae_shop_fire_sale
          [nicolae_sub_dead_trees]
D:5:      layout_cave_pools, mainiacjoe_overflow_boulevard
D:6:      layout_loops_cross, serial_shops, nicolae_shop_crystal, uniq_eustachio
D:7:      layout_rooms, minmay_temple_entry_butterflies
D:8:      layout_cave_pools, minmay_holes, minmay_crystal_water,
          chequers_serial_rivers_marsh
D:9:      layout_irregular_city, david_orc_1_choice, serial_glass,
          glass_columns_a, glass_columns_c

Skill      XL: |  1  2  3  4  5  6  7  8  9 |
---------------+----------------------------+-----
Axes           | 3 4 6 7 8 10 13 14 | 14.5
Fighting       | |  3.3
Armour         | |  3.3
Shields        | |  3.0

Action                     |  1- 3 |  4- 6 |  7- 9 || total
---------------------------+-------+-------+-------++-------
  Melee: War axe           |   120 |   145 |   260 ||   525
         Hand axe          |       |       |    52 ||    52
   Fire: Sling             |       |       |    14 ||    14
 Invoke: Sacrifice Skill   |     1 |       |       ||     1
         Sacrifice Essence |       |     1 |       ||     1
         Draw Out Power    |       |       |     2 ||     2
         Sacrifice Love    |       |       |     1 ||     1
    Use: Scroll            |       |     3 |     5 ||     8
         Potion            |       |     1 |     7 ||     8
   Stab: Distracted        |       |       |     2 ||     2
 Armour: Scale mail        |    75 |    85 |   185 ||   345
         Plate armour      |       |       |    31 ||    31
  Dodge: Dodged            |    70 |    48 |   104 ||   222
  Block: Buckler           |    26 |    25 |    88 ||   139

Table legend: (Time is in decaauts)
 A = Elapsed time spent in this place.
 B = Non-inter-level travel time spent in this place.
 C = Inter-level travel time spent in this place.
 D = Time resting spent in this place.
 E = Time spent auto-exploring this place.
 F = Levels seen in this place.
 G = Mean time per level.
                   A        B        C        D        E       F      G
               +--------+--------+--------+--------+--------+-----+--------+
         Total |   7430 |   6959 |    471 |   1107 |   4043 |   9 |  825.6 |
       Dungeon |   7430 |   6959 |    471 |   1107 |   4043 |   9 |  825.6 |
               +--------+--------+--------+--------+--------+-----+--------+

Top non-repeatable levels by time:
     D:8: 1297 daAuts
     D:3: 1211 daAuts
     D:7: 913 daAuts
     D:1: 900 daAuts
     D:5: 876 daAuts
     D:4: 810 daAuts
     D:6: 702 daAuts
     D:2: 694 daAuts
     D:9: 24 daAuts
